 Dungeon Crawl Stone Soup version 0.30-a0-743-gbfdf073431 (webtiles) character file.

Game seed: 5285281141174711675

18 jimonade the Magician (level 2, 0/21 HPs)
             Began as a Djinni Venom Mage on Feb 8, 2023.
             Slain by a quokka (2 damage)
             ... on level 1 of the Dungeon.
             The game lasted 00:01:17 (418 turns).

jimonade the Magician (Djinni Venom Mage)            Turns: 418, Time: 00:01:17

Health: 0/21       AC:  2    Str:  7    XL:     2   Next: 90%
Gold:   27         EV: 12    Int: 16    God:
                   SH:  0    Dex: 13

rFire   + + .      SeeInvis .    f - +0 dagger
rCold   x . .      Faith    .    (no shield)
rNeg    . . .      Spirit   .    a - +0 robe
rPois   ∞          Reflect  .    (no helmet)
rElec   .          Harm     .    (no cloak)
rCorr   .          Rampage  .    (no gloves)
Will    .....                    (boots unavailable)
Stlth   ++                       (no amulet)
HPRegen 0.23/turn                (no ring)
MPRegen 0.00/turn                (no ring)

@: flying
A: sickness immunity, fire resistance 2, cold vulnerability 1, float, innate
caster, HP casting, extra vitality 1
a: no special abilities


You were on level 1 of the Dungeon.
You visited 1 branch of the dungeon, and saw 1 of its levels.

You collected 27 gold pieces.

Inventory:

Hand Weapons
 f - a +0 dagger (weapon)
 i - a +0 short sword
Missiles
 e - 5 javelins
Armour
 a - a +0 robe (worn)
 l - a +0 leather armour
Scrolls
 d - a scroll of vulnerability {unknown}
 j - a scroll of fog {unknown}
 k - a scroll of teleportation {unknown}
Potions
 b - a potion of magic
 c - a potion of cancellation {unknown}
 g - a potion of flight {unknown}
 h - a potion of attraction {unknown}


   Skills:
 + Level 2.3 Dodging
 - Level 1.5 Stealth
 * Level 3.0 Spellcasting


You couldn't memorise any spells.
You knew the following spells:

 Your Spells              Type           Power      Damage    Failure   Level
a - Sting                 Tmut/Pois      48%        1d5       5%          1
b - Poisonous Vapours     Pois/Air       24%        N/A       8%          2
c - Mephitic Cloud        Conj/Pois/Air  12%        N/A       16%         3
d - Olgreb's Toxic Radia  Pois           12%        N/A       45%         4
Your spell library was empty.

Dungeon Overview and Level Annotations

Branches:
Dungeon (1/15)

Altars:

Annotations:
D:1 1 runed translucent door


Innate Abilities, Weirdness & Mutations

You are immune to sickness and miasma.
You are immune to poison.
Your flesh is very heat resistant. (rF++)
You are vulnerable to cold. (rC-)
You float through the air rather than walking.
You learn spells naturally, not from books.
Your magical power is your life essence.
You have superior vitality. (+4 MHP)


Message History

You hit the jackal but do no damage.
The jackal is heavily wounded.
The jackal barely misses you. x2
You completely miss the jackal.
The jackal is heavily wounded.
The jackal bites you.
* * * LOW HITPOINT WARNING * * *
You are too injured to fight recklessly!
You closely miss the jackal.
The jackal is heavily wounded.
The jackal looks more healthy.
The jackal bites you.
* * * LOW HITPOINT WARNING * * *
Aiming: Sting (safe; 5% risk of failure)
Press: ? - help, Q - select action, (/) - cycle Shift-Dir - straight line, f/p - jackal
Aim: a jackal (almost dead, 64% to hit)
The sting hits the jackal but does no damage.
The jackal is poisoned.
The jackal is almost dead.
* * * LOW HITPOINT WARNING * * *
The jackal closely misses you.
The jackal bites you but does no damage.
Aiming: Sting (safe; 5% risk of failure)
Press: ? - help, Q - select action, (/) - cycle Shift-Dir - straight line, f/p - jackal
Aim: a jackal (almost dead, poisoned, 64% to hit)
The sting misses the jackal.
* * * LOW HITPOINT WARNING * * *
You kill the jackal!
The jackal bites you.
* * * LOW HITPOINT WARNING * * *
You barely miss the jackal.
The jackal is almost dead.
You kill the jackal!
Aiming: Sting (safe; 5% risk of failure)
Press: ? - help, Q - select action, (/) - cycle Shift-Dir - straight line, f - quokka
Aim: a quokka (60% to hit)
The sting hits the quokka but does no damage.
The quokka is poisoned.
* * * LOW HITPOINT WARNING * * *
The quokka bites you.
You die...

.......>.......#
...........###.#
..##.##........#
#.. ##...#####
## ##..####
##....## ####..#
##.# . # #@#
...#. ###r#
......#.#g#
...g.r....#
......#.###
...#. ### . #


You could see a quokka (poisoned) and a goblin.

Vanquished Creatures
  An endoplasm (D:1)
  A giant cockroach (D:1)
  A goblin (D:1)
  2 hobgoblins (D:1)
  4 jackals (D:1)
  2 ball pythons (D:1)
  3 kobolds (D:1)
  3 rats (D:1)
17 creatures vanquished.

Notes
Turn   | Place    | Note
-------+----------+-------------------------------------------
     0 | D:1      | jimonade the Djinni Venom Mage began the quest for the Orb.
     0 | D:1      | jimonade set off with the following spells memorised:
                  | Sting, Poisonous Vapours, Mephitic Cloud, Olgreb's Toxic
                  | Radiance.
     0 | D:1      | Reached XP level 1. HP: 15/15 MP: 0/0
     1 | D:1      | Found a runed translucent door.
   210 | D:1      | Reached XP level 2. HP: 19/21 MP: 0/0
   401 | D:1      | Reached skill level 3 in Spellcasting
   418 | D:1      | Slain by a quokka

Illustrated notes

Levels and vault maps discovered:
D:1:      dpeg_arrival_caged_fury, layout_basic, minmay_misc_feat_enclosed,
          nicolae_figureground_sparkle

Skill      XL: |  1  2 |
---------------+-------+-----
Spellcasting   | 3 |  3.0
Dodging        | |  2.3
Stealth        | |  1.5

Action                     || total
---------------------------++-------
  Melee: Dagger            ||     5
   Cast: Sting             ||    38
 Armour: Robe              ||     5
  Dodge: Dodged            ||     9

Table legend: (Time is in decaauts)
 A = Elapsed time spent in this place.
 B = Non-inter-level travel time spent in this place.
 C = Inter-level travel time spent in this place.
 D = Time resting spent in this place.
 E = Time spent auto-exploring this place.
 F = Levels seen in this place.
 G = Mean time per level.
                   A        B        C        D        E       F      G
               +--------+--------+--------+--------+--------+-----+--------+
         Total |    417 |    417 |      0 |      0 |    261 |   1 |  417.0 |
       Dungeon |    417 |    417 |      0 |      0 |    261 |   1 |  417.0 |
               +--------+--------+--------+--------+--------+-----+--------+

Top non-repeatable levels by time:
     D:1: 417 daAuts
